 Dungeon Crawl Stone Soup version 0.29.0-4-gdea44cf6ec (webtiles) character file.

Game seed: 6567773443880945042

92 qw the Chopper (level 4, -3/39 HPs)
             Began as a Minotaur Fighter on Sept 4, 2022.
             Killed by nerve-wracking pain
             ... invoked by an orc priest
              (11 damage)
             ... on level 3 of the Dungeon.
             The game lasted 00:00:42 (1670 turns).

qw the Chopper (Minotaur Fighter)                   Turns: 1670, Time: 00:00:42

Health: -3/39      AC:  6    Str: 22    XL:     4   Next: 35%
Magic:  0/3        EV:  9    Int:  5    God:
Gold:   112        SH:  4    Dex: 10    Spells: 3/3 levels left

rFire   . . .      SeeInvis .   Y - +0 war axe
rCold   . . .      Faith    .   c - +0 buckler
rNeg    . . .      Spirit   +   b - +0 scale mail
rPois   +          Reflect  .   (helmet restricted)
rElec   .          Harm     .   (no cloak)
rCorr   .          Rampage  .   (no gloves)
Will    .....                   (no boots)
Stlth   ..........              g - amulet of guardian spirit
HPRegen 0.13/turn               l - ring of poison resistance
MPRegen 0.08/turn               (no ring)

@: no status effects
A: horns 2, retaliatory headbutt
a: no special abilities


You were on level 3 of the Dungeon.
You visited 1 branch of the dungeon, and saw 3 of its levels.

You collected 112 gold pieces.


Innate Abilities, Weirdness & Mutations

You have a pair of horns on your head.
You reflexively headbutt those who attack you in melee.


   Skills:
 - Level 3.6 Fighting
 - Level 5.0 Axes
 - Level 1.9 Throwing
 - Level 3.6 Armour
 + Level 0.0 Dodging
 - Level 3.6 Shields


You had 3 spell levels left.
You didn't know any spells.
Your spell library was empty.

Inventory:

Hand Weapons
 e - a +0 flail
 Y - a +0 war axe (weapon)
Missiles
 i - 4 javelins (quivered)
Armour
 b - a +0 scale mail (worn)
 c - a +0 buckler (worn)
Jewellery
 a - a ring of fire
 g - an amulet of guardian spirit (around neck)
 l - a ring of poison resistance (left hand)
Scrolls
 h - 2 scrolls of identify
Potions
 d - a potion of might
 f - a potion of curing {unknown}

Dungeon Overview and Level Annotations

Branches:
Dungeon (3/15)

Altars:
Cheibriados

Shops:
D:1 (*==


Message History

An orc priest comes into view. It is wielding a +0 short sword.
Enter note: An orc comes into view. It is wielding a +0 dagger.
Found a blackened silver wand.
The orc shouts!
You hear a shout!
The orc priest mumbles some strange prayers to Beogh against you.
Beogh smites you! The goblin barely misses you. You furiously retaliate!
You headbutt the goblin.
You kill the goblin!
An orc priest comes into view. It is wielding a +0 flail.
The orc priest hits you but does no damage.
Things that are here:
a +0 dagger; a goblin corpse You closely miss the orc priest.
An orc comes into view. It is wielding a +0 trident.
The orc priest hits you with a +0 short sword.
The orc shouts!
You hit the orc priest but do no damage.
You headbutt the orc priest.
The orc priest is lightly wounded.
You hear a shout!
The orc priest mumbles some strange prayers to Beogh against you.
Beogh smites you!
The orc priest hits you with a +0 short sword.
You barely miss the orc priest. You headbutt the orc priest.
The orc priest is moderately wounded.
You block the orc priest's attack.
The orc priest hits you but does no damage.
You slash the orc priest!
You kill the orc priest!
The orc priest looks encouraged for a moment.
An orc priest comes into view. It is wielding a +0 flail.
Your Throwing skill increases to level 1!
You have reached level 4!
You feel agile.
You slash the orc!
You kill the orc!
The orc closely misses you.
The orc priest invokes the aid of Beogh against you.
Pain shoots through your body!
You die...

#.....# # #.
####.....### ###.
#...........
....##...........
##o........_%.... #.#
#............ #/#
#............
#.####.###.###.....###
#.oo)@.....# #.....# #
#..####....# #.....# #
#.###.####.### #.. ...
... #### .### .## ..
.# .# .#


You could see 2 orc priests and an orc.

Vanquished Creatures
  An orc priest (D:3)
  An adder (D:2)
  2 worms
  An orc (D:3)
  An endoplasm (D:2)
  2 giant cockroaches
  6 goblins
  9 hobgoblins
  3 quokkas
  6 ball pythons
  4 bats
  3 frilled lizards
  4 kobolds
  4 rats
47 creatures vanquished.

Vanquished Creatures (others)
  4 withered plants (D:2)
4 creatures vanquished.

Grand Total: 51 creatures vanquished

Notes
Turn   | Place    | Note
-------+----------+-------------------------------------------
     0 | D:1      | qw the Minotaur Fighter began the quest for the Orb.
     0 | D:1      | Reached XP level 1. HP: 19/19 MP: 0/0
     0 | D:1      | 0 ||| qw: Version: 0.1-a-103-gd6f5d3a
     0 | D:1      | 0 ||| qw: Game counter: 5605
     0 | D:1      | 0 ||| qw: Always use a shield: true
     0 | D:1      | 0 ||| qw: God list: Ru
     0 | D:1      | 0 ||| qw: Allow faded altars: false
     0 | D:1      | 0 ||| qw: Do Orc after D:15 true
     0 | D:1      | 0 ||| qw: Do second Lair branch before Depths: true
     0 | D:1      | 0 ||| qw: Lair rune preference: random
     0 | D:1      | 0 ||| qw: Plans: Normal
     0 | D:1      | 0 ||| PLANNING D:1-11
    81 | D:1      | Found Iqanacso's Jewellery Boutique.
    84 | D:1      | 84 ||| SHOPLISTING amulet of reflection (420 gold, have 0).
    84 | D:1      | 84 ||| SHOPLISTING ring "Qifuyle" {rElec rN+ Str+3 SInv}
                  | (553 gold, have 0).
    84 | D:1      | 84 ||| SHOPLISTING ring of Untruth {MP+9 Str+4} (495 gold,
                  | have 0).
    84 | D:1      | 84 ||| SHOPLISTING ring of fire (350 gold, have 0).
    84 | D:1      | 84 ||| SHOPLISTING ring of protection from cold (350 gold,
                  | have 0).
    84 | D:1      | 84 ||| SHOPLISTING ring of protection from fire (350 gold,
                  | have 0).
    84 | D:1      | 84 ||| SHOPLISTING ring of resist corrosion (280 gold, have
                  | 0).
    84 | D:1      | 84 ||| SHOPLISTING ring of see invisible (210 gold, have
                  | 0).
   211 | D:1      | Reached skill level 3 in Axes
   394 | D:1      | Reached XP level 2. HP: 26/26 MP: 1/1
   397 | D:1      | 397 ||| Stepping ~*~*~tactically~*~*~ (stealth).
   398 | D:1      | 398 ||| Stepping ~*~*~tactically~*~*~ (stealth).
   435 | D:1      | Found Mearurup's Antique Weapon Boutique.
   438 | D:1      | 438 ||| Stepping ~*~*~tactically~*~*~ (stealth).
   491 | D:1      | 491 ||| SHOPLISTING runed mace (126 gold, have 47).
   510 | D:1      | Found Wopp's General Store.
   516 | D:1      | 516 ||| SHOPLISTING ring of poison resistance (220 gold,
                  | have 47).
   770 | D:1      | Found Onutysiz's Jewellery Emporium.
   777 | D:1      | 777 ||| SHOPLISTING amulet of Attitude {Reflect rElec rC+
                  | Str+8 Dex-2 SH+5} (826 gold, have 47).
   777 | D:1      | 777 ||| SHOPLISTING amulet of regeneration (390 gold, have
                  | 47).
   777 | D:1      | 777 ||| SHOPLISTING ring "Nuusoos" {Ice *Corrode rPois
                  | Dex+9 Stlth-} (625 gold, have 47).
   777 | D:1      | 777 ||| SHOPLISTING ring of ice (325 gold, have 47).
   777 | D:1      | 777 ||| SHOPLISTING ring of positive energy (260 gold, have
                  | 47).
   777 | D:1      | 777 ||| SHOPLISTING ring of protection from cold (325 gold,
                  | have 47).
   777 | D:1      | 777 ||| SHOPLISTING ring of protection from fire (325 gold,
                  | have 47).
   875 | D:1      | 875 ||| DROPPING orb of mayhem.
   876 | D:1      | 876 ||| UPGRADING to amulet of guardian spirit.
   881 | D:1      | 881 ||| UPGRADING to ring of poison resistance.
   882 | D:1      | 882 ||| READING scroll labelled JOWAUTE ERIHAF.
   887 | D:1      | 887 ||| READING 2 scrolls labelled YNTIDAGGUUD.
   888 | D:1      | 888 ||| READING scroll labelled NYNKEL BUOST.
   936 | D:2      | Reached skill level 4 in Axes
   941 | D:2      | 941 ||| Stepping ~*~*~tactically~*~*~ (stealth).
   965 | D:2      | Reached XP level 3. HP: 29/31 MP: 2/2
  1003 | D:2      | 1003 ||| Stepping ~*~*~tactically~*~*~ (stealth).
  1012 | D:2      | 1012 ||| Stepping ~*~*~tactically~*~*~ (stealth).
  1013 | D:2      | 1013 ||| Stepping ~*~*~tactically~*~*~ (stealth).
  1014 | D:2      | 1014 ||| DROPPING +0 whip.
  1137 | D:2      | Found a faded altar of an unknown god.
  1169 | D:2      | 1169 ||| FLEEEEING.
  1181 | D:2      | 1181 ||| FLEEEEING.
  1183 | D:2      | 1183 ||| FLEEEEING.
  1184 | D:2      | 1184 ||| FLEEEEING.
  1188 | D:2      | 1188 ||| FLEEEEING.
  1438 | D:2      | Reached skill level 5 in Axes
  1471 | D:2      | 1471 ||| Stepping ~*~*~tactically~*~*~ (stealth).
  1642 | D:3      | Found a snail-covered altar of Cheibriados.
  1667 | D:3      | HP: 7/31 [orc priest/divine providence (13)]
  1670 | D:3      | Reached skill level 1 in Throwing
  1670 | D:3      | Reached XP level 4. HP: 8/39 MP: 0/3
  1670 | D:3      | Killed from afar by an orc priest

Levels and vault maps discovered:
D:1:      minmay_arrival_widening_spiral_wide, layout_loops_cross, serial_shops,
          shop, shop, nicolae_shop_advertising_works
          [nicolae_subvault_shop_adworks], nicolae_shop_behind_doors
D:2:      layout_loops_ring, ebering_ecumenical_altar_petrified
D:3:      layout_loops_ring, slow_altar_1, kiku_gazebo_garden_becter

Skill      XL: |  1  2  3 |
---------------+----------+-----
Axes           | 3 4 5 |  5.0
Throwing       | 1 |  1.9
Fighting       | |  3.6
Armour         | |  3.6
Shields        | |  3.6

Action                   |  1- 3 |  4- 6 || total
-------------------------+-------+-------++-------
Melee: War axe           |    83 |     1 ||    84
       Headbutt          |     9 |       ||     9
Throw: Javelin           |    33 |       ||    33
  Use: Scroll            |     3 |       ||     3
Armor: Scale mail        |    30 |       ||    30
Dodge: Dodged            |    36 |     1 ||    37
Block: Buckler           |    18 |       ||    18

Table legend:
 A = Non-vault XP
 B = Vault XP
 C = Vault XP percentage of total XP
 D = Non-vault monster count
 E = Vault monster count
 F = Vault count percentage of total count
                 A         B        C        D         E       F
            +---------+---------+-------+---------+---------+-------
      Total |     130 |       5 |   3.7 |      46 |       1 |   2.1
            +---------+---------+-------+---------+---------+-------
        D:1 |      26 |       0 |   0.0 |      17 |       0 |   0.0
        D:2 |      53 |       0 |   0.0 |      23 |       0 |   0.0
        D:3 |      51 |       5 |   8.9 |       6 |       1 |  14.3
            +---------+---------+-------+---------+---------+-------
